 Dungeon Sprint DCSS version 0.24.0-41-g2ae2f7f1be (webtiles) character file.

Game seed: 15391342256389057619, levelgen mode: deterministic

84 McKennaii the Skirmisher (level 4, -2/58 HPs)
             Began as a Demonspawn Fighter on Dec 10, 2019.
             Slain by a killer bee (12 damage)
             ... in the Dungeon (Sprint IV: "Fedhas' Mad Dash").
             The game lasted 00:01:44 (638 turns).

McKennaii the Skirmisher (Demonspawn Fighter)        Turns: 638, Time: 00:01:45

Health: -2/58      AC:  9    Str: 22    XL:     4   Next: 23%
Magic:  4/4        EV:  6    Int:  9    God:
Gold:   59         SH: 10    Dex: 13    Spells: 3/3 levels left

rFire    . . .     SeeInvis .     - Unarmed
rCold    . . .     Gourm    .   c - +0 shield
rNeg     . . .     Faith    .   a - +0 chain mail
rPois    .         Spirit   .   (helmet restricted)
rElec    .         Reflect  .   (no cloak)
rCorr    .         Harm     .   (no gloves)
MR       .....     NoTele   +   (no boots)
Stlth    ..........             b - amulet of invisibility {+Inv}
HPRegen  0.19/turn              (no ring)
MPRegen  0.09/turn              (no ring)

@: berserking (expiring), lethally poisoned (-2 -> -3), very quick
A: antennae 2, claws 1
a: Evoke Invisibility


You were in the Dungeon.
You were not hungry.

You visited 1 branch You collected 59 gold pieces.

Inventory:

Armour
 a - a +0 chain mail (worn)
 c - a +0 shield (worn)
Jewellery
 b - the amulet of invisibility (around neck) {+Inv}
   (You found it in the Dungeon)

   [amulet of nothing]

   It lets you turn invisible.
Scrolls
 k - a scroll of blinking
Potions
 d - a potion of might
 e - a potion of curing
 h - a potion of haste
 i - 2 potions of magic
Comestibles
 f - a ration


   Skills:
 + Level 5.2 Fighting
   Level 2.3 Long Blades
 + Level 4.7 Armour
 + Level 1.1 Dodging
 + Level 4.8 Shields
 * Level 2.2 Unarmed Combat


You had 3 spell levels left.
You didn't know any spells.
Your spell library was empty.

Dungeon Overview and Level Annotations

Branches:
Dungeon (1/1)

Altars:


Innate Abilities, Weirdness & Mutations

You have a pair of antennae on your head.
You have sharp fingernails.


Message History

The killer bee stings you but does no damage.
The queen bee stings you but does no damage.
You claw the queen bee!
The queen bee is heavily wounded.
The killer bee stings you but does no damage.
The killer bee stings you!
* * * LOW HITPOINT WARNING * * *
The killer bee barely misses you. The queen bee completely misses you.
You barely miss the queen bee.
The queen bee is heavily wounded.
You feel sick. The killer bee barely misses you.
The killer bee stings you but does no damage.
You claw the queen bee!
The queen bee is almost dead.
You block the killer bee's attack. The queen bee stings you.
* * * LOW HITPOINT WARNING * * *
You closely miss the queen bee.
The queen bee is almost dead.
You block the killer bee's attack. The killer bee stings you!
You die...

##################
#<..P#.....#yy...#
#PP..')[...yy#[..+
#PPPP#.....#@#...#
###############'##
..y♣........'...#
%yy.{.♣.....#..{#
{♣..♣..######
#+##### { { { { {


You could see a queen bee and 3 killer bees.

Vanquished Creatures
  2 oklob saplings (D)
  A worker ant (D)
  A river rat (D)
  A rat (D)
5 creatures vanquished.

Notes
Turn   | Place    | Note
-------+----------+-------------------------------------------
     0 | D        | McKennaii the Demonspawn Fighter began the quest for the
                  | Orb.
     0 | D        | Reached XP level 1. HP: 18/18 MP: 1/1
    21 | D        | Gained mutation: You have sharp fingernails. [demonic
                  | ancestry]
    21 | D        | Reached XP level 2. HP: 4/24 MP: 2/2
   288 | D        | Noticed an oklob sapling
   297 | D        | Killed an oklob sapling
   297 | D        | Reached skill level 4 in Fighting
   297 | D        | Gained mutation: You have a pair of small antennae on your
                  | head. [demonic ancestry]
   297 | D        | Reached XP level 3. HP: 15/31 MP: 3/3
   300 | D        | Found the amulet of invisibility {+Inv}
   329 | D        | Reached skill level 1 in Unarmed Combat
   456 | D        | Noticed an oklob sapling
   472 | D        | Killed an oklob sapling
   472 | D        | Reached skill level 5 in Fighting
   472 | D        | Reached skill level 1 in Dodging
   472 | D        | Gained mutation: You have a pair of antennae on your head.
                  | [demonic ancestry]
   472 | D        | Reached XP level 4. HP: 21/39 MP: 4/4
   610 | D        | Noticed a queen bee
   638 | D        | Slain by a killer bee

Levels and vault maps discovered:
D:        dungeon_sprint_fedhas [sprint_temple]

Skill      XL: |  1  2  3 |
---------------+----------+-----
Long Blades    | 2 |  2.3
Armour         | 3 4 |  4.7
Shields        | 3 4 |  4.8
Fighting       | 4 5 |  5.2
Unarmed Combat | 2 |  2.2
Dodging        | 1 |  1.1

Action                   |  1- 3 |  4- 6 || total
-------------------------+-------+-------++-------
Melee: Long sword        |    20 |       ||    20
       Unarmed           |    50 |    15 ||    65
  Use: Potion            |     2 |     1 ||     3
Armor: Scale mail        |     8 |       ||     8
       Chain mail        |    14 |    18 ||    32
Dodge: Dodged            |     8 |     8 ||    16
Block: Shield            |    23 |    18 ||    41
